 Dungeon Sprint DCSS version 0.29.1-12-g30fa7ad0bf (webtiles) character file.

Game seed: 7122876441392224741

4300000 Groucho the Intangible (level 21, -20/187 HPs)
             Began as a Djinni Hedge Wizard on Dec 17, 2022.
             Was the Champion of Makhleb.
             Demolished by The Servant
             ... wielding a +9 glaive of flaming
              (139 damage)
             ... in the Dungeon (Sprint VIII: "Arena of Blood").
             The game lasted 00:02:26 (43 turns).

Groucho the Intangible (Djinni Hedge Wizard)          Turns: 43, Time: 00:02:26

Health: -20/187    AC:  4    Str:  9    XL:     21   Next: 37%
Gold:   0          EV: 34    Int: 19    God:    Makhleb [******] SH:  0 Dex: 21

rFire   + + .      SeeInvis .   i - +∞ Axe of Woe
rCold   x . .      Faith    .   (shield currently unavailable)
rNeg    . . .      Spirit   .   b - +0 robe
rPois   ∞          Reflect  .   c - +0 hat
rElec   .          Harm     .   (no cloak)
rCorr   .          Rampage  .   (no gloves)
Will    ++...      NoTele   +   (boots unavailable)
Stlth   ++........              (no amulet)
HPRegen 0.41/turn               (no ring)
MPRegen 0.00/turn               (no ring)

@: flying
A: sickness immunity, fire resistance 2, cold vulnerability 1, float, innate
caster, HP casting, extra vitality 1
a: Renounce Religion, Minor Destruction, Lesser Servant of Makhleb, Major
Destruction, Greater Servant of Makhleb


You were in the Dungeon.
You worshipped Makhleb.
Makhleb was exalted by your worship.
You visited 1 branch

Inventory:

Hand Weapons
 a - a +0 dagger
 i - the +∞ Axe of Woe (weapon)
   (You found it in the Dungeon)
Armour
 b - a +0 robe (worn)
 c - a +0 hat (worn)
Scrolls
 h - a scroll of blinking
Potions
 d - a potion of curing
 e - a potion of heal wounds
 f - a potion of haste
 g - a potion of berserk rage


   Skills:
 O Level 27 Fighting
 O Level 27 Axes
 + Level 7.3 Ranged Weapons
 + Level 7.3 Throwing
 O Level 27 Armour
 O Level 27 Dodging
 - Level 1.5 Stealth
 + Level 8.8 Shields
 O Level 27 Spellcasting
 O Level 27 Invocations
 + Level 8.8 Evocations


You had 16 spell levels left.
You knew the following spells:

 Your Spells              Type           Power      Damage    Failure   Level
a - Magic Dart            Conj           100%       1d8       0%          1
b - Blink                 Tloc           100%       N/A       0%          2
c - Call Imp              Summ           91%        N/A       0%          2
d - Slow                  Hex            100%       N/A       0%          1
e - Conjure Flame         Conj/Fire      91%        6-21      0%          3
f - Mephitic Cloud        Conj/Pois/Air  91%        N/A       0%          3
g - Summon Small Mammal   Summ           100%       N/A       0%          1
h - Scorch                Fire           100%       2d10      0%          2
i - Searing Ray           Conj           100%       2d8       0%          2
j - Flame Wave            Conj/Fire      91%        2d19      0%          4
k - Cause Fear            Hex            45%        N/A       0%          4
l - Lightning Bolt        Conj/Air       45%        1d65      0%          5
m - Summon Cactus Giant   Summ           45%        N/A       0%          6
n - Spellforged Servitor  Conj/Summ      45%        N/A       0%          7
o - Haunt                 Necr/Summ      45%        N/A       0%          7
p - Lehudib's Crystal Sp  Conj/Erth      45%        10d11     1%          8
Your spell library was empty.

Dungeon Overview and Level Annotations

Branches:
Dungeon (1/1)

Altars:
Makhleb

Annotations:
D The Servant


Innate Abilities, Weirdness & Mutations

You are immune to sickness and miasma.
You are immune to poison.
Your flesh is very heat resistant. (rF++)
You are vulnerable to cold. (rC-)
You float through the air rather than walking.
You learn spells naturally, not from books.
Your magical power is your life essence.
You have superior vitality. (+4 MHP)


Message History

You feel agile. x2
The power to cast Lehudib's Crystal Spear wells up from within.
Spell assigned to 'p'.
Unknown command.
Unknown command.
Unknown command.
You hear a shout! x3
The destroyer casts a spell at you.
The destroyer blinks!
You hear a shout! x4
The destroyer points at you and mumbles some strange words.
The destroyer blinks!
You hear a shout!
There is a staircase leading out of the dungeon here.
Unknown command.
Unknown command.
You hear a shout! x2
A meat berserker comes into view. It is wielding a +9 battleaxe.
The destroyer points at you and mumbles some strange words.
The destroyer blinks!
A sculptor of flesh comes into view. It is wielding a +9 great sword.
You hear a shout! x3
Items here: ))) === †††.
Unknown command.
You slice the meat berserker!!
You butcher the meat berserker messily.
You kill the meat berserker!
Makhleb accepts your kill.
You feel better.
You slash the bag of meat!
You fatally mangle the bag of meat.
You kill the bag of meat!
Makhleb accepts your kill.
You feel better.
You hear a shout! x3
A bag of meat comes into view. It is wielding a +9 war axe. x2
The destroyer gestures at you while chanting.
The destroyer blinks!
You hear a shout!
The meat berserker is engulfed in blazing flames.
The Servant hits you from afar with a +9 glaive of flaming!!!!
Ouch! That really hurt!
You die...

..... .. #.o.
..# . #... ..#
..###.V. ..###.
......###......
...☼☼V......
#§O§.z# #_°<)_#
#))@).#
.O§...._)......
.....o###@§....
..###... o.###.
. #... §.# #...
.# ....o .. ..
..


You could see The Servant, 2 destroyers, a sculptor of flesh, 2 meat berserkers
and 3 bags of meat.

Vanquished Creatures
  2 vampire knights (D)
  10 ogres (D)
  A two-headed ogre (D)
  A hydra (D)
  19 orcs (D)
  A skeletal warrior (D)
34 creatures vanquished.

Notes
Turn   | Place    | Note
-------+----------+-------------------------------------------
     0 | D        | Found the +∞ Axe of Woe
     0 | D        | Groucho the Djinni Hedge Wizard began the quest for the
                  | Orb.
     0 | D        | Groucho set off with the following spells memorised: Magic
                  | Dart, Blink, Call Imp, Slow, Conjure Flame, Mephitic Cloud.
     0 | D        | Reached XP level 1. HP: 15/15 MP: 0/0
     1 | D        | Noticed a bag of meat
     2 | D        | Noticed a bag of meat
     4 | D        | Became a worshipper of Makhleb the Destroyer
     6 | D        | Killed a bag of meat
     6 | D        | Noticed a meat berserker
     6 | D        | Noticed a bag of meat
     7 | D        | Reached skill level 15 in Axes
     7 | D        | Reached XP level 2. HP: 21/21 MP: 0/0
     7 | D        | Reached XP level 3. HP: 25/25 MP: 0/0
     7 | D        | Learned a level 1 spell: Summon Small Mammal
     7 | D        | Reached XP level 4. HP: 31/31 MP: 0/0
     7 | D        | Reached XP level 5. HP: 35/35 MP: 0/0
     7 | D        | Learned a level 2 spell: Scorch
     7 | D        | Reached XP level 6. HP: 40/40 MP: 0/0
     7 | D        | Reached XP level 7. HP: 45/45 MP: 0/0
     7 | D        | Learned a level 2 spell: Searing Ray
     7 | D        | Reached XP level 8. HP: 50/50 MP: 0/0
     7 | D        | Reached XP level 9. HP: 55/55 MP: 0/0
     7 | D        | Learned a level 4 spell: Flame Wave
     7 | D        | Reached XP level 10. HP: 60/60 MP: 0/0
     7 | D        | Reached XP level 11. HP: 65/65 MP: 0/0
     7 | D        | Learned a level 4 spell: Cause Fear
     7 | D        | Noticed a bag of meat
     7 | D        | Noticed a meat berserker
     7 | D        | Noticed a bag of meat
     8 | D        | Noticed a bag of meat
     9 | D        | Killed a bag of meat
     9 | D        | Reached * piety under Makhleb
     9 | D        | Noticed a bag of meat
     9 | D        | Noticed a bag of meat
    10 | D        | Reached XP level 12. HP: 70/70 MP: 0/0
    10 | D        | Killed a bag of meat
    11 | D        | Reached XP level 13. HP: 75/75 MP: 0/0
    11 | D        | Learned a level 5 spell: Lightning Bolt
    11 | D        | Killed a meat berserker
    11 | D        | Noticed a meat berserker
    11 | D        | Noticed a bag of meat
    12 | D        | Reached skill level 27 in Dodging
    12 | D        | Reached XP level 14. HP: 80/80 MP: 0/0
    12 | D        | Killed a meat berserker
    12 | D        | Reached ** piety under Makhleb
    12 | D        | Noticed a meat berserker
    14 | D        | Killed a bag of meat
    15 | D        | Reached XP level 15. HP: 85/85 MP: 0/0
    15 | D        | Learned a level 6 spell: Summon Cactus Giant
    15 | D        | Killed a meat berserker
    15 | D        | Reached *** piety under Makhleb
    16 | D        | Reached skill level 27 in Axes
    17 | D        | Reached skill level 15 in Fighting
    17 | D        | Reached XP level 16. HP: 126/126 MP: 0/0
    17 | D        | Killed a meat berserker
    17 | D        | Reached **** piety under Makhleb
    17 | D        | Noticed a meat berserker
    21 | D        | Reached skill level 15 in Spellcasting
    21 | D        | Reached XP level 17. HP: 143/143 MP: 0/0
    21 | D        | Learned a level 7 spell: Spellforged Servitor
    21 | D        | Noticed a meat berserker
    21 | D        | Noticed a meat berserker
    24 | D        | Killed a meat berserker
    25 | D        | Reached ***** piety under Makhleb
    26 | D        | Noticed a large bag of meat
    29 | D        | Reached XP level 18. HP: 165/165 MP: 0/0
    29 | D        | Killed a meat berserker
    29 | D        | Noticed a destroyer
    30 | D        | Reached skill level 27 in Fighting
    30 | D        | Noticed an eight-headed meat hydra
    31 | D        | Noticed a sculptor of flesh
    31 | D        | Killed a large bag of meat
    31 | D        | Killed a meat berserker
    31 | D        | Noticed a meat berserker
    32 | D        | Reached skill level 27 in Spellcasting
    32 | D        | Reached skill level 5 in Armour
    32 | D        | Reached skill level 5 in Invocations
    32 | D        | Reached XP level 19. HP: 162/174 MP: 0/0
    32 | D        | Learned a level 7 spell: Haunt
    32 | D        | Reached ****** piety under Makhleb
    33 | D        | Killed a sculptor of flesh
    33 | D        | Noticed a meat berserker
    34 | D        | Noticed a sculptor of flesh
    34 | D        | Noticed The Servant
    34 | D        | Noticed a destroyer
    35 | D        | Killed a nine-headed meat hydra
    36 | D        | Reached XP level 20. HP: 181/181 MP: 0/0
    37 | D        | Noticed a destroyer
    38 | D        | Killed a meat berserker
    39 | D        | Noticed a meat berserker
    40 | D        | Killed a destroyer
    40 | D        | Killed a destroyer
    40 | D        | Killed a meat berserker
    40 | D        | Noticed a destroyer
    40 | D        | Noticed a meat berserker
    41 | D        | Reached skill level 27 in Armour
    41 | D        | Reached skill level 27 in Invocations
    41 | D        | Reached XP level 21. HP: 57/187 MP: 0/0
    41 | D        | Learned a level 8 spell: Lehudib's Crystal Spear
    42 | D        | Noticed a meat berserker
    43 | D        | Killed a meat berserker
    43 | D        | Demolished by The Servant

Illustrated notes

Levels and vault maps discovered:
D:        meatsprint

Skill      XL: |  1  2  3  4  5  6  7  8  9 10 11 12 13 14 15 16 17 18 19 20 |
---------------+-------------------------------------------------------------+-----
Axes           | 15 17 19 21 26 27 | 27.0
Dodging        | 19 22 24 27 | 27.0
Fighting       | 15 19 25 27 | 27.0
Spellcasting   | 12 15 20 27 | 27.0
Armour         | 5 19 27 | 27.0
Invocations    | 5 19 27 | 27.0
Ranged Weapons | 7 |  7.3
Throwing       | 7 |  7.3
Shields        | 8 |  8.8
Evocations     | 8 |  8.8
Stealth        | |  1.5

Action                   |  1- 3 |  4- 6 |  7- 9 | 10-12 | 13-15 | 16-18 | 19-21 || total
-------------------------+-------+-------+-------+-------+-------+-------+-------++-------
Melee: Executioner's axe |     1 |       |       |     2 |     5 |     9 |     7 ||    24
